 Dungeon Crawl Stone Soup version 0.20-a0-972-gb9bd3e6 (webtiles) character file.

53638 Krakonus1 the Frost Mage (level 14, -6/105 HPs)
             Began as a Bultungin Fighter on Apr 9, 2017.
             Was a High Priest of Nemelex Xobeh.
             Killed by angry trees
             ... awakened by a spriggan druid
              (15 damage)
             ... on level 3 of the Swamp.
             The game lasted 03:08:22 (19185 turns).

Krakonus1 the Frost Mage (Bultungin Fighter)       Turns: 19185, Time: 03:08:25

Health: -6/105     AC: 17    Str: 19    XL:     14   Next: 69%
Magic:  25/26      EV: 18    Int: 13    God:    Nemelex Xobeh [*****.]
Gold:   1404       SH: 16    Dex: 17    Spells: 0/29 levels left

rFire    + + .     SeeInvis +   Q - +12 long sword of Courage {protect, *Slow rF+ Int+2}
rCold    x . .     Gourm    +   c - +5 shield
rNeg     . . .     Faith    .   s - +1 scale mail {rF+}
rPois    +         Spirit   .   d - +2 helmet
rElec    .         Reflect  .   O - +2 cloak {rPois}
rCorr    .         Harm     .   y - +0 pair of gloves {archery}
MR       +....                  (no boots)
Stlth    ++........             T - amulet of the gourmand
Regen    0.3/turn               C - ring "Ybbe" {rC- MR+ EV+4 Int+3 Stlth+}
MPRegen  0.2/turn               g - +2 ring of strength

@: very slow
A: short attention span, fangs 1, see invisible, strong nose
a: Triple Draw, Deal Four, Stack Five, Renounce Religion


You were on level 3 of the Swamp.
You worshipped Nemelex Xobeh.
Nemelex Xobeh was extremely pleased with you.
You were very full.

You visited 4 branches of the dungeon, and saw 20 of its levels.
You also visited: Ice Cave and Volcano.

You collected 1629 gold pieces.
You spent 225 gold pieces at shops.

Inventory:

Hand Weapons
 Q - the +12 long sword of Courage (weapon) {protect, *Slow rF+ Int+2}
   (You found it on level 9 of the Dungeon)

   It protects the one who uses it against injury (+AC on strike).
   It affects your intelligence (+2).
   It protects you from fire.
   It may slow you when you take damage.
Armour
 c - a +5 shield (worn)
 d - a +2 helmet (worn)
 s - a +1 scale mail of fire resistance (worn)
 y - a +0 pair of gloves of archery (worn)
 O - a +2 cloak of poison resistance (worn)
Jewellery
 g - a +2 ring of strength (right hand)
 i - an uncursed ring of positive energy
 C - the ring "Ybbe" (left hand) {rC- MR+ EV+4 Int+3 Stlth+}
   (You found it on level 5 of the Dungeon)

   [ring of evasion]

   It affects your evasion (+4).
   It affects your intelligence (+3).
   It makes you vulnerable to cold.
   It affects your resistance to hostile enchantments.
   It makes you more stealthy.
 H - an uncursed ring of flight
 S - an uncursed ring of magical power
 T - an amulet of the gourmand (around neck)
Wands
 a - a wand of enslavement (12/24)
 b - a wand of enslavement (11/24)
 j - a wand of acid (1/15)
 n - a wand of random effects (8/48)
 p - a wand of confusion (11/48)
 t - a wand of paralysis (19/24)
 B - a wand of enslavement (13/24)
 D - a wand of acid (11/15)
 J - a wand of acid (6/15)
 K - a wand of confusion (48/48)
Scrolls
 m - 6 scrolls of immolation
 o - 2 scrolls of fog
 q - 7 scrolls of remove curse
 u - 7 scrolls of teleportation
 F - 3 scrolls of amnesia
 Y - a scroll of noise
Potions
 e - 4 potions of cancellation
 h - 5 potions of curing
 v - a potion of brilliance
 w - a potion of resistance
 z - a potion of ambrosia
 A - a potion of agility
 I - a potion of haste
 L - a potion of flight
 M - 7 potions of mutation
 N - 6 potions of might
 U - a potion of magic
 Z - a potion of berserk rage
Books
 x - a book of Callings

   Spells                             Type                      Level
   a - Summon Small Mammal            Summoning                    1
   b - Call Imp                       Summoning                    2
   c - Call Canine Familiar           Summoning                    3
   d - Summon Guardian Golem          Hexes/Summoning              3
   e - Summon Lightning Spire         Summoning/Air                4
   f - Summon Ice Beast               Ice/Summoning                4
 G - a book of Minor Magic

   Spells                             Type                      Level
   a - Magic Dart                     Conjuration                  1
   b - Blink                          Translocation                2
   c - Call Imp                       Summoning                    2
   d - Slow                           Hexes                        2
   e - Conjure Flame                  Conjuration/Fire             3
   f - Mephitic Cloud                 Conjuration/Poison/Air       3
 W - a book of Misfortune

   Spells                             Type                      Level
   a - Confusing Touch                Hexes                        1
   b - Confuse                        Hexes                        3
   c - Gell's Gravitas                Translocation                3
   d - Petrify                        Transmutation/Earth          4
   e - Metabolic Englaciation         Hexes/Ice                    5
   f - Yara's Violent Unravelling     Hexes/Transmutation          5
 X - Roxanne's Grimoire of Transformation
   (You took it off Roxanne on level 1 of the Swamp)

   Spells                             Type                      Level
   a - Passwall                       Transmutation/Earth          2
   b - Ice Form                       Ice/Transmutation            4
   c - Statue Form                    Transmutation/Earth          6
   d - Dragon Form                    Transmutation                7
Miscellaneous
 P - a lightning rod (3/4)
 V - a lamp of fire (inert)
Comestibles
 f - 14 bread rations
 k - 25 fruits
 l - 10 royal jellies
 r - 5 meat rations


   Skills:
 - Level 8.0 Fighting
 - Level 8.0 Long Blades
 - Level 8.1 Throwing
 - Level 8.2 Armour
 - Level 8.1 Dodging
 - Level 8.0 Stealth
 - Level 8.1 Shields
 - Level 8.4 Unarmed Combat
 - Level 8.1 Spellcasting
 - Level 8.2 Conjurations
 - Level 8.1 Hexes
 - Level 8.2 Summonings
 - Level 8.4 Translocations
 * Level 4.8 Transmutations
 * Level 6.3 Fire Magic
 - Level 8.6 Ice Magic
 * Level 6.7 Air Magic
 * Level 5.1 Earth Magic
 * Level 6.1 Poison Magic
 - Level 8.1 Invocations
 - Level 8.0 Evocations


You couldn't memorise any spells.
You knew the following spells:

 Your Spells              Type           Power        Failure   Level  Hunger
a - Summon Small Mammal   Summ           ####         3%          1    None
b - Magic Dart            Conj           ####         3%          1    None
c - Corona                Hex            ####...      3%          1    None
d - Confusing Touch       Hex            ####..       3%          1    None
e - Call Imp              Summ           ####....     6%          2    None
f - Slow                  Hex            ####....     6%          2    None
g - Blink                 Tloc           N/A          6%          2    None
h - Ensorcelled Hibernat  Hex/Ice        ####..       6%          2    None
i - Mephitic Cloud        Conj/Pois/Air  ###.....     14%         3    ##.....
j - Conjure Flame         Conj/Fire      ###.....     14%         3    ##.....
k - Summon Guardian Gole  Hex/Summ       ####....     12%         3    ##.....
l - Gell's Gravitas       Tloc           ####......   12%         3    ##.....
m - Confuse               Hex            ####....     12%         3    ##.....
n - Passwall              Tmut/Erth      ###.......   17%         2    None


Dungeon Overview and Level Annotations

Branches:
Dungeon (10/15)            Temple (1/1) D:6            Lair (6/6) D:8
  Swamp (3/4) Lair:2        Snake (0/4) Lair:3        Slime (0/5) Lair:5
    Orc: D:9-12

Altars:
Ashenzari
Cheibriados
Dithmenos
Elyvilon
Fedhas
Gozag
Hepliaklqana
Kikubaaqudgha
Makhleb
Nemelex Xobeh
Okawaru
Qazlal
Ru
Sif Muna
Trog
Uskayaw
Vehumet
Wu Jian
Xom
Yredelemnul
Zin
The Shining One
Jiyva

Shops:
D:4 !%[=

Portals:
Trove: D:10 (give 2 scrolls of acquirement)


Innate Abilities, Weirdness & Mutations

You have a short attention span.
You have very sharp teeth.
You have supernaturally acute eyesight. (SInv)
Your uncanny sense of smell can sniff out nearby items.


Message History

Press: ? - help, v - describe, . - travel An awoken tree.
Evoke which item? (* to show all) (? for menu, Esc to quit)
Okay, then.
Okay, then.
Casting: Corona
Confirm with . or Enter, or press ? or * to list all spells.
You blink.
You enter the shallow water.
Moving in this stuff is going to be slow.
You are hit by a branch!
* * * LOW HITPOINT WARNING * * *
The spriggan druid calls out to the beasts of the wild!
You enter the shallow water.
Moving in this stuff is going to be slow.
You are hit by a branch!
* * * LOW HITPOINT WARNING * * *
A root smacks you from below.
You die...
Your body glows slightly and disappears.

§§.≈≈≈≈≈≈≈..≈♣♣...≈≈≈
≈♣.≈≈
♣♣.≈≈≈≈≈≈≈≈≈..♣.≈≈≈.≈ ≈≈..
♣♣♣.≈≈≈≈≈≈≈≈≈.≈≈.≈.≈≈ ≈≈♣
♣≈§≈§..≈≈≈≈≈≈≈≈♣♣ ♣♣≈♣.♣
....)≈♣♣...§≈≈.≈♣♣♣.♣i♣
≈≈≈...♣♣♣..≈≈≈...♣.♣.♣.♣
≈≈≈≈.§♣♣≈≈..≈≈≈≈.♣♣w♣.♣§♣
≈≈≈...♣♣♣♣......♣♣≈♣.♣♣♣.♣
....≈≈♣ ♣♣♣♣♣♣♣@.♣.♣.♣ ♣♣
.≈♣...♣ ♣♣♣♣♣♣♣♣♣♣.♣.♣
≈§♣♣♣♣♣ ♣≈..♣ ♣♣♣.♣ ≈≈♣
♣..≈♣ ♣♣ ≈≈♣ ♣♣♣♣♣♣♣..♣
.≈♣ ♣.§≈§.§..♣ ≈.♣
♣.>≈§...≈♣ ≈≈♣ ♣..≈≈≈.≈♣♣
≈≈♣ ♣♣..≈.≈≈.♣♣♣ ∆


You could see a spriggan druid and a swamp worm.

Vanquished Creatures
  4 hydras
  3 alligators
  4 two-headed ogres
  A fire crab (Lair:6)
  3 swamp dragons
  A shambling mangrove (Swamp:2)
  Pikel (D:5)
  A cyclops (D:9)
  A moth of wrath (D:10)
  Maurice (D:8)
  4 black mambas
  An ice statue (IceCv)
  11 spiny frogs
  4 komodo dragons
  3 tyrant leeches
  2 trolls
  The ghost of lordive the Chopper, an amateur MiGl (D:5)
  3 bog bodies
  5 hornets
  12 polar bears
  5 hippogriffs
  Grinder (D:5)
  8 blink frogs
  A dream sheep (Lair:5)
  A wraith (D:9)
  Eustachio (D:4)
  A spriggan (Swamp:2)
  2 wyverns
  11 yaks
  A basilisk (Lair:1)
  3 vampire mosquitoes
  8 insubstantial wisps
  11 swamp worms
  2 nagas (Lair:3)
  6 water moccasins
  2 sky beasts
  Duvessa (D:4)
  5 porcupines
  2 swamp drakes
  3 ice beasts
  3 orc warriors
  A black bear (D:10)
  2 ogres
  2 phantoms
  A tengu (Swamp:2)
  3 centaurs
  11 wolves
  7 crocodiles
  14 bullfrogs
  A wyvern zombie (D:10)
  Dowan (D:4)
  5 scorpions
  7 wights
  An electric eel (Lair:2)
  3 howler monkeys
  A crimson imp (D:8)
  A centaur zombie (D:5)
  9 hounds
  A bullfrog zombie (D:10)
  2 jellies
  A centaur skeleton (D:4)
  A gnoll shaman (D:8)
  5 orc priests
  A bullfrog skeleton (D:4)
  7 orc wizards
  Ijyb (D:4)
  3 iguanas
  5 worker ants
  A hound zombie (D:8)
  2 hound skeletons
  Robin (D:2)
  3 gnolls (D:8)
  A howler monkey skeleton (D:10)
  8 adders
  3 shadow imps
  An ooze (D:4)
  2 dart slugs
  3 leopard geckos
  42 orcs
  A ball python (D:4)
  3 giant cockroaches
  13 hobgoblins
  10 jackals
  2 quokkas
  4 bats
  7 frilled lizards
  12 goblins
  5 kobolds
  A quokka skeleton (D:6)
  9 rats
  4 fungi
379 creatures vanquished.

Vanquished Creatures (collateral kills)
  Rupert (Lair:5)
  Roxanne (Swamp:1)
  Nessos (Lair:4)
  5 hydras
  3 two-headed ogres
  A shambling mangrove (Swamp:2)
  A deep troll (Lair:5)
  2 swamp dragons
  2 black mambas
  5 spiny frogs
  An ice statue (IceCv)
  Psyche (D:8)
  A rime drake (Lair:5)
  A polar bear (IceCv)
  A hornet (Swamp:1)
  2 slime creatures
  2 blink frogs
  5 dream sheep (Lair:5)
  A bog body (Swamp:2)
  2 spriggans
  A wyvern (D:8)
  7 yaks
  A fire bat (Volcano)
  A fire elemental (Volcano)
  Grum (D:8)
  A basilisk (Lair:4)
  3 vampire mosquitoes
  A swamp worm (Lair:4)
  An acid dragon (D:8)
  5 insubstantial wisps (Swamp:1)
  2 hell hounds (Volcano)
  A water moccasin (Lair:5)
  An ice beast (D:9)
  A sky beast (Lair:5)
  2 black bears
  An orc warrior (D:8)
  3 ogres
  A boggart (Lair:5)
  2 crocodiles (D:8)
  10 wolves
  2 centaurs
  A bullfrog (D:7)
  A scorpion (Lair:5)
  4 killer bees (D:7)
  A howler monkey (D:8)
  A bullfrog skeleton (D:7)
  Crazy Yiuf (D:7)
  2 orc wizards
  A worker ant (Lair:5)
  A howler monkey zombie (D:8)
  An ooze (Lair:5)
  A leopard gecko (Lair:5)
  8 orcs
  A giant cockroach (Lair:5)
  A hobgoblin (Lair:5)
  A fungus (Lair:5)
  A plant (Lair:4)
114 creatures vanquished.

Vanquished Creatures (others)
  A frost giant (IceCv)
  A black mamba (Lair:5)
  A hornet (Swamp:2)
  2 slime creatures (Swamp:3)
  A spriggan (Swamp:2)
  2 yaks (IceCv)
  2 vampire mosquitoes (Swamp:3)
  An insubstantial wisp (Swamp:2)
  A porcupine (Lair:5)
  A swamp drake (Swamp:1)
  An ice beast (Lair:6)
  2 slaves (D:5)
  15 wolves
  A scorpion (Lair:5)
  4 killer bees
  A centaur zombie (D:5)
  A gnoll (Lair:5)
  A leopard gecko (D:9)
  3 fungi
42 creatures vanquished.

Grand Total: 535 creatures vanquished

Notes
Turn   | Place    | Note
-------+----------+-------------------------------------------
     0 | D:1      | Krakonus1 the Bultungin Fighter began the quest for the Orb.
     0 | D:1      | Reached XP level 1. HP: 20/20 MP: 1/1
   393 | D:1      | Reached XP level 2. HP: 26/26 MP: 2/2
   816 | D:2      | Reached skill level 5 in Armour
   917 | D:2      | Noticed Robin
   922 | D:2      | Reached skill level 5 in Shields
   929 | D:2      | Reached XP level 3. HP: 23/31 MP: 3/3
   940 | D:2      | Killed Robin
  1636 | D:2      | Reached XP level 4. HP: 38/38 MP: 4/4
  1756 | D:2      | Reached skill level 1 in Dodging
  2207 | D:3      | Reached XP level 5. HP: 30/43 MP: 2/5
  2253 | D:3      | Found a blossoming altar of Fedhas.
  2305 | D:3      | Reached XP level 6. HP: 31/49 MP: 4/6
  2613 | D:4      | Found Astiurphi's Antique Armour Emporium.
  2755 | D:4      | Bought a pair of runed gloves for 225 gold pieces
  2764 | D:4      | Found Qerin's Food Shop.
  2764 | D:4      | Noticed Duvessa
  2764 | D:4      | Noticed Dowan
  2764 | D:4      | Noticed Eustachio
  2824 | D:4      | Killed Duvessa
  2839 | D:4      | Killed Dowan
  2861 | D:4      | Killed Eustachio
  2861 | D:4      | Reached XP level 7. HP: 55/55 MP: 4/7
  2970 | D:4      | Found Mowal's Distillery.
  2971 | D:4      | Noticed Ijyb
  2984 | D:4      | Paralysed by Ijyb for 5 turns
  2991 | D:4      | Paralysed by Ijyb for 3 turns
  2997 | D:4      | Killed Ijyb
  2997 | D:4      | Reached skill level 5 in Fighting
  2997 | D:4      | Reached skill level 5 in Dodging
  3068 | D:4      | Learned a level 1 spell: Summon Small Mammal
  3527 | D:4      | Found Vediopocs's Jewellery Boutique.
  3644 | D:5      | Entered Level 5 of the Dungeon
  3731 | D:5      | Noticed lordive's ghost (amateur MiGl)
  3752 | D:5      | Killed lordive's ghost
  3752 | D:5      | Reached XP level 8. HP: 41/64 MP: 4/8
  3808 | D:5      | Got an ancient ring mail
  3819 | D:5      | Identified the cursed +0 ring mail of the Lion {+Inv Dex+6} (You took it off an orc on level 5 of the Dungeon)
  3964 | D:4      | Reached skill level 5 in Long Blades
  4171 | D:5      | Noticed Pikel
  4175 | D:5      | Noticed Grinder
  4185 | D:5      | Killed Pikel
  4185 | D:5      | Reached XP level 9. HP: 70/73 MP: 9/9
  4204 | D:5      | Killed Grinder
  4330 | D:5      | Got an ancient turquoise ring
  4614 | D:5      | Identified the ring "Ybbe" {rC- MR+ EV+4 Int+3 Stlth+} (You found it on level 5 of the Dungeon)
  4634 | D:6      | Reached skill level 1 in Stealth
  4749 | D:6      | Reached skill level 1 in Throwing
  4767 | D:6      | Reached skill level 1 in Evocations
  4791 | D:6      | Found a staircase to the Ecumenical Temple.
  4915 | Temple   | Entered the Ecumenical Temple
  5012 | Temple   | Became a worshipper of Nemelex Xobeh the Trickster
  5096 | D:6      | Received a gift from Nemelex Xobeh
  5182 | D:6      | Learned a level 1 spell: Magic Dart
  5288 | D:7      | Reached skill level 1 in Invocations
  5360 | D:7      | Found a runed door.
  5364 | D:7      | Noticed Crazy Yiuf
  5368 | D:7      | Killed Crazy Yiuf
  5602 | D:7      | Reached * piety under Nemelex Xobeh
  5653 | D:7      | Found a glowing golden altar of the Shining One.
  5723 | D:8      | Noticed Maurice
  5733 | D:8      | Killed Maurice
  5733 | D:8      | Reached skill level 5 in Stealth
  5733 | D:8      | Reached XP level 10. HP: 80/80 MP: 11/13
  5783 | D:8      | Learned a level 1 spell: Corona
  5896 | D:8      | Found an ancient bone altar of Kikubaaqudgha.
  5968 | D:8      | Noticed Grum
  5969 | D:8      | Noticed Psyche
  5975 | D:8      | Reached skill level 5 in Throwing
  5979 | D:8      | Killed Grum
  5984 | D:8      | Killed Psyche
  5985 | D:8      | Reached skill level 5 in Evocations
  6288 | D:8      | Noticed a two-headed ogre
  6296 | D:8      | Killed a two-headed ogre
  6332 | D:8      | Reached skill level 5 in Invocations
  6437 | D:8      | Found a staircase to the Lair.
  6593 | D:8      | Received a gift from Nemelex Xobeh
  7186 | D:8      | Noticed a two-headed ogre
  7197 | D:8      | Killed a two-headed ogre
  7434 | D:9      | Received a gift from Nemelex Xobeh
  7455 | D:9      | Reached ** piety under Nemelex Xobeh
  7468 | D:9      | Learned a level 1 spell: Confusing Touch
  7520 | D:9      | Noticed a cyclops
  7530 | D:9      | Killed a cyclops
  7530 | D:9      | Reached XP level 11. HP: 74/86 MP: 16/16
  7635 | D:9      | Got a pitted long sword
  7636 | D:9      | Identified the +12 long sword of Courage {protect, *Slow rF+ Int+2} (You found it on level 9 of the Dungeon)
  7646 | D:9      | Noticed a two-headed ogre
  7662 | D:9      | Killed a two-headed ogre
  7849 | D:9      | Reached skill level 1 in Hexes
  7892 | D:9      | Reached skill level 1 in Summonings
  7897 | D:9      | Reached skill level 1 in Spellcasting
  7897 | D:9      | Reached skill level 1 in Conjurations
  7970 | D:10     | Entered Level 10 of the Dungeon
  7970 | D:10     | Received a gift from Nemelex Xobeh
  7999 | D:10     | Noticed Erica
  8005 | D:10     | Noticed Erica
  8005 | D:10     | Erica changed into Erica the moth of wrath
  8009 | D:10     | Killed Erica the moth of wrath
  8439 | D:10     | Noticed a two-headed ogre
  8459 | D:10     | Killed a two-headed ogre
  8585 | D:10     | Found a portal to a secret trove of treasure.
  8587 | D:10     | Received a gift from Nemelex Xobeh
  9121 | Lair:1   | Entered Level 1 of the Lair of Beasts
  9121 | Lair:1   | Reached *** piety under Nemelex Xobeh
  9138 | Lair:1   | Reached skill level 5 in Spellcasting
  9289 | Lair:1   | Reached skill level 5 in Hexes
  9289 | Lair:1   | Reached skill level 5 in Summonings
  9295 | Lair:1   | Noticed a seven-headed hydra
  9310 | Lair:1   | Killed a one-headed hydra
  9310 | Lair:1   | Reached skill level 5 in Conjurations
  9677 | Lair:1   | Received a gift from Nemelex Xobeh
  9734 | Lair:1   | Reached XP level 12. HP: 92/92 MP: 19/21
  9865 | Lair:1   | Learned a level 2 spell: Call Imp
  9868 | Lair:1   | Learned a level 2 spell: Slow
 10265 | Lair:2   | Reached **** piety under Nemelex Xobeh
 10299 | Lair:2   | Received a gift from Nemelex Xobeh
 10333 | Lair:2   | Learned a level 2 spell: Blink
 10336 | Lair:2   | Learned a level 2 spell: Ensorcelled Hibernation
 10378 | Lair:2   | Found a staircase to the Swamp.
 10489 | Lair:2   | Received a gift from Nemelex Xobeh
 11061 | Swamp:1  | Entered Level 1 of the Swamp
 11264 | Lair:3   | Found a staircase to the Snake Pit.
 11278 | Lair:3   | Reached skill level 1 in Ice Magic
 11356 | Lair:3   | Reached skill level 1 in Translocations
 11577 | Lair:3   | Reached ***** piety under Nemelex Xobeh
 11780 | Lair:4   | Received a gift from Nemelex Xobeh
 11864 | Lair:4   | Found a dark tunnel.
 11870 | Volcano  | Entered a volcano
 11880 | Volcano  | Noticed a two-headed ogre
 11886 | Volcano  | Killed a two-headed ogre
 11890 | Volcano  | Noticed a two-headed ogre
 11896 | Volcano  | Killed a two-headed ogre
 11909 | Volcano  | Noticed a two-headed ogre
 11913 | Volcano  | Killed a two-headed ogre
 12102 | Lair:4   | Noticed a seven-headed hydra
 12108 | Lair:4   | Killed a seven-headed hydra
 12135 | Lair:4   | Noticed an eight-headed hydra
 12141 | Lair:4   | Reached skill level 5 in Ice Magic
 12143 | Lair:4   | Killed an eight-headed hydra
 12241 | Lair:4   | Reached XP level 13. HP: 98/98 MP: 25/25
 12292 | Lair:4   | Noticed Nessos
 12308 | Lair:4   | Reached skill level 5 in Translocations
 12318 | Lair:4   | Killed Nessos
 12890 | Lair:4   | Got a faintly humming robe
 12901 | Lair:4   | Identified the cursed +0 robe of Youthful Indiscretion {*Slow rElec rF+++ MR-} (You found it on level 4 of the Lair of Beasts)
 13019 | Lair:4   | Received a gift from Nemelex Xobeh
 13479 | Lair:5   | Noticed Rupert
 13502 | Lair:5   | Reached skill level 1 in Unarmed Combat
 13511 | Lair:5   | Killed Rupert
 13583 | Lair:5   | Found a frozen archway.
 13601 | IceCv    | Entered an ice cave
 13616 | IceCv    | Reached skill level 5 in Unarmed Combat
 14047 | IceCv    | Received a gift from Nemelex Xobeh
 14201 | IceCv    | Noticed a frost giant
 14205 | IceCv    | Killed a frost giant
 14306 | IceCv    | Got a crystal halberd
 14312 | IceCv    | Identified the +9 halberd of the Common Good {venom, rPois Str+2 Int+4} (You found it in an ice cave)
 15022 | Lair:5   | Got a smoking zirconium amulet
 15024 | Lair:5   | Identified the amulet of the Ninety-Nine Nights {Inacc rElec Int+3} (You found it on level 5 of the Lair of Beasts)
 15478 | Lair:5   | Found a viscous altar of Jiyva.
 15479 | Lair:5   | Found a staircase to the Slime Pits.
 15873 | Lair:5   | Learned a level 3 spell: Mephitic Cloud
 15877 | Lair:5   | Learned a level 3 spell: Conjure Flame
 15881 | Lair:5   | Learned a level 3 spell: Summon Guardian Golem
 15885 | Lair:5   | Learned a level 3 spell: Gell's Gravitas
 15889 | Lair:5   | Learned a level 3 spell: Confuse
 16162 | Lair:6   | Entered Level 6 of the Lair of Beasts
 16166 | Lair:6   | Reached skill level 1 in Fire Magic
 16166 | Lair:6   | Reached skill level 1 in Air Magic
 16166 | Lair:6   | Reached skill level 1 in Poison Magic
 16166 | Lair:6   | Reached XP level 14. HP: 95/105 MP: 26/26
 16641 | Swamp:1  | Received a gift from Nemelex Xobeh
 16716 | Swamp:1  | Noticed Roxanne
 16739 | Swamp:1  | Killed Roxanne
 16740 | Swamp:1  | Identified Roxanne's Grimoire of Transformation (You took it off Roxanne on level 1 of the Swamp)
 16745 | Swamp:1  | Learned a level 2 spell: Passwall
 16776 | Swamp:1  | Reached skill level 1 in Earth Magic
 16917 | Swamp:1  | Reached skill level 1 in Transmutations
 17624 | Swamp:2  | Received a gift from Nemelex Xobeh
 17665 | Swamp:2  | Reached skill level 5 in Air Magic
 17669 | Swamp:2  | Reached skill level 5 in Fire Magic
 17817 | Swamp:2  | Received a gift from Nemelex Xobeh
 18375 | Swamp:2  | Found a bloodstained altar of Trog.
 18661 | Swamp:2  | Reached skill level 5 in Poison Magic
 19152 | Swamp:3  | Reached skill level 5 in Earth Magic
 19185 | Swamp:3  | Killed from afar by a spriggan druid

Vault maps used:
D:1:      onia_arrival_mini_maze
D:2:      first_bread, uniq_robin
D:3:      fedhas_altar_3
D:4:      serial_shops, nicolae_shop_crystal, shop, shop, shop, uniq_duvessa,
          uniq_iyjb, uniq_eustachio
D:5:      dk_noncrumbling_2, uniq_grinder, uniq_pikel
D:6:      minmay_temple_entry_overgrown
D:7:      nicolae_tso_swordbearing_angel, uniq_crazy_yiuf_cottage
D:8:      kennysheep_mini, erik_lair_dragon, kennysheep_generic_room_6,
          uniq_maurice, uniq_psyche, uniq_grum
D:10:     enter_trove_6, uniq_erica
Temple:   dpeg_three_leaves_temple
Lair:1:   minivault_24
Lair:2:   minmay_swamp_entry_worms, serial_bayou_shore_b, grunt_megastairs_4
Lair:3:   guppyfry_snake_entry_island, bh_chokoban
Lair:4:   onia_ninara_swampy_vault, enter_volcano_2, uniq_nessos
Lair:5:   dpeg_slime_entry_enclosed_altar, portal_ice_cave_entry_pillars_2,
          grunt_forest_large_clearings, uniq_rupert
Lair:6:   evil_forest, ice2_lemuel
Swamp:1:  serial_swamp_ruin, evilmike_swamp_ruin_house_5,
          evilmike_swamp_ruin_rubble_2, evilmike_swamp_ruin_house_4,
          uniq_roxanne
Swamp:2:  basic_altar, infiniplex_staircase_pool_2
Swamp:3:  nicolae_swamp_dense_foliage, swamp_pool5
IceCv:    ice_cave_small_giant
Volcano:  volcano_village

Skill      XL: |  1  2  3  4  5  6  7  8  9 10 11 12 13 14 |
---------------+-------------------------------------------+-----
Armour         | 5 6 7 8 |  8.2
Shields        | 5 6 7 8 |  8.1
Dodging        | 1 2 4 6 7 8 |  8.1
Fighting       | 6 7 8 |  8.0
Long Blades    | 7 8 |  8.0
Stealth        | 5 8 |  8.0
Throwing       | 4 7 8 |  8.1
Evocations     | 4 7 8 |  8.0
Invocations    | 3 7 8 |  8.1
Hexes          | 5 8 |  8.1
Summonings     | 5 8 |  8.2
Spellcasting   | 6 8 |  8.1
Conjurations   | 5 8 |  8.2
Ice Magic      | 5 8 |  8.6
Translocations | 4 8 |  8.4
Unarmed Combat | 8 |  8.4
Fire Magic     | 1 6 |  6.3
Air Magic      | 1 6 |  6.7
Poison Magic   | 1 6 |  6.1
Earth Magic    | 5 |  5.1
Transmutations | 4 |  4.8

Action                   |  1- 3 |  4- 6 |  7- 9 | 10-12 | 13-15 || total
-------------------------+-------+-------+-------+-------+-------++-------
Melee: Long sword        |    82 |   198 |   335 |   563 |   473 ||  1651
       Bite              |    10 |    29 |    62 |    78 |    78 ||   257
       Flail             |       |       |       |    14 |       ||    14
       Scimitar          |       |       |       |    12 |       ||    12
 Cast: Magic Dart        |       |       |       |     4 |       ||     4
       Call Imp          |       |       |       |     1 |    24 ||    25
       Blink             |       |       |       |       |    11 ||    11
       Summon Guardian G |       |       |       |       |     8 ||     8
       Mephitic Cloud    |       |       |       |       |     5 ||     5
       Corona            |       |       |       |       |     4 ||     4
       Conjure Flame     |       |       |       |       |     3 ||     3
       Slow              |       |       |       |       |     3 ||     3
       Confusing Touch   |       |       |       |       |     1 ||     1
       Gell's Gravitas   |       |       |       |       |     1 ||     1
Evoke: Deck              |       |       |     5 |    30 |    77 ||   112
       Wand              |       |       |     1 |     9 |    14 ||    24
       Lightning rod     |       |       |       |       |     1 ||     1
       Lamp of fire      |       |       |       |       |     1 ||     1
  Use: Scroll            |     9 |     7 |     5 |    20 |    11 ||    52
       Potion            |     1 |     6 |     3 |     4 |    16 ||    30
 Stab: Sleeping          |       |     1 |     4 |    26 |     4 ||    35
       Invisible         |       |     3 |       |       |       ||     3
       Paralysed         |       |       |     6 |     9 |       ||    15
       Distracted        |       |       |       |     2 |     8 ||    10
       Petrified         |       |       |       |     1 |       ||     1
  Eat: Chunk             |     1 |     5 |    11 |    32 |    23 ||    72
       Fruit             |       |       |       |     1 |       ||     1
Armor: Scale mail        |    38 |   101 |   103 |   144 |   178 ||   564
Dodge: Dodged            |    21 |    66 |   174 |   291 |   344 ||   896
Block: Shield            |    46 |   155 |   261 |   430 |   521 ||  1413
       Rpst.: Long sword |    11 |    22 |    51 |    71 |    55 ||   210
       Scimitar          |       |       |       |     1 |       ||     1
